Rangers vs Coyotes

Created - 6 janvier 2018 at 15:55

Goals
1 2 3 T
Rangers 2 0 0 2
Coyotes 2 1 1 4
Shots
1 2 3 T
Rangers 24 15 12 51
Coyotes 3 9 12 24

1st period

1. Rangers , Shawn Collymore 10 (Trevor Byrne 9, Nikolai Kulemin 17) at 7:28
2. Coyotes , Johnny Gaudreau 12 (Evgeny Kuznetsov 18, David Pastrnak 11) at 12:06
3. Coyotes , Roman Polak 6 (Michael Rupp 4, Mason Raymond 3) at 15:24
4. Rangers , Ilja Zubov 13 (Trevor Byrne 10, Matt Stajan 21) at 15:35

Penalties :
Matt Niskanen (ARI) for High sticking (Minor) at 0:46, Jonathan Cheechoo (ARI) for Hooking (Minor) at 7:38, Scott Hartnell (NYR) for Hooking (Minor) at 13:01, Codey Burki (ARI) for Cross-checking (Minor) at 19:37

2nd period

5. Coyotes , Jonathan Cheechoo 23 (Rasmus Ristolainen 30, Kris Russell 10) at 15:20 (PP)

Penalties :
Matt Niskanen (ARI) for Tripping (Minor) at 6:44, Scott Hartnell (NYR) for Interference (Minor) at 10:02, Scott Hartnell (NYR) for Roughing (Minor) at 14:15

3rd period

6. Coyotes , Jonathan Cheechoo 24 (Justin Williams 26, Matt Niskanen 24) at 14:14 (PP)

Penalties :
Trevor Byrne (NYR) for Slashing (Minor) at 0:10, Tim Ramholt (NYR) for High sticking (Minor) at 13:21, Matt Stajan (NYR) for Roughing (Minor) at 14:35, Justin Williams (ARI) for Hooking (Minor) at 15:28

Goalie Stats

Mike Smith (NYR), 20 saves from 24 shots - (0,833), L, 16-20-3, 60:00 minutes
Pekka Rinne (ARI), 49 saves from 51 shots - (0,961), W, 20-15-1, 60:00 minutes

Players Stats for Rangers

Player Name              G  A  P  +/- PIM S  H  SB GA TA FO     MP     PP MP  PK MP  
------------------------------------------------------------------------------------
Alex Foster              0  0  0   0  0   2  4  0  0  0  4/5    12:46   0:00   4:03 
Clarke MacArthur         0  0  0   0  0   3  0  1  0  0  1/1     9:21   0:00   0:00 
Dmitry Kulikov           0  0  0   1  0   0  1  0  0  0  0/0    15:34   0:00   0:00 
Evan McGrath             0  0  0   0  0   0  0  0  0  0  6/15   11:30   0:00   4:45 
Fedor Tyutin             0  0  0   0  0   2  4  1  0  0  0/0    15:41   0:00   5:09 
Ilja Zubov               1  0  1  -1  0   5  0  0  0  0  3/3    19:34   4:53   0:00 
James Sheppard           0  0  0   0  0   1  1  0  0  0  0/0     5:53   0:00   0:00 
Matt Stajan              0  1  1  -1  2   9  4  0  0  0  13/29  19:33   4:53   0:00 
Mattias Tedenby          0  0  0   0  0   0  0  0  0  0  1/1     8:06   0:00   2:13 
Nikolai Kulemin          0  1  1   1  0   1  0  0  0  0  14/26  20:55   3:56   4:45 
Ondrej Palat             0  0  0  -1  0   2  0  1  0  0  0/1    19:34   4:53   0:00 
Rich Peverley            0  0  0   0  0   3  0  1  0  0  5/11    8:29   0:00   0:00 
Scott Hartnell           0  0  0   1  6   8  4  0  0  0  4/4    18:11   3:56   1:50 
Shawn Collymore          1  0  1   1  0   3  1  0  0  0  0/0    16:10   3:56   0:00 
Simon Despres            0  0  0   0  0   4  0  1  0  0  0/0    19:46   4:32   4:28 
Tim Ramholt              0  0  0  -1  2   3  1  0  0  0  0/0    20:19   4:17   0:00 
Trevor Byrne             0  2  2   1  2   3  1  2  0  0  0/0    21:59   4:32   3:11 
Zach Bogosian            0  0  0  -1  0   2  4  1  0  0  0/0    26:39   4:17   4:48 

Players Stats for Coyotes

Player Name              G  A  P  +/- PIM S  H  SB GA TA FO     MP     PP MP  PK MP  
------------------------------------------------------------------------------------
Codey Burki              0  0  0   0  2   1  1  0  0  0  10/25  14:41   0:00   0:00 
David Brine              0  0  0  -1  0   1  0  0  0  0  2/11    6:41   4:05   0:00 
David Pastrnak           0  1  1   1  0   2  3  0  0  0  1/1    19:04   4:37   0:00 
Evgeny Kuznetsov         0  1  1   1  0   2  1  0  0  0  13/24  19:04   4:37   0:00 
Jamie Oleksiak           0  0  0   1  0   0  3  0  0  0  0/0    15:56   0:00   3:31 
Johnny Gaudreau          1  0  1   1  0   1  2  0  0  0  0/1    17:58   4:37   0:00 
Jonathan Cheechoo        2  0  2   0  2   3  5  1  0  0  1/1    18:46   4:05   0:00 
Jordan LaVallee          0  0  0  -1  0   0  3  0  0  0  0/0     2:36   0:00   0:00 
Justin Williams          0  1  1   0  2   5  2  0  0  0  1/1    18:46   4:04   0:00 
Kris Russell             0  1  1   0  0   1  4  1  0  0  0/0    19:41   3:34   1:57 
Kyle Calder              0  0  0   0  0   0  0  0  0  0  1/3    15:00   0:06   4:16 
Mark Giordano            0  0  0  -1  0   1  0  0  0  0  0/0    20:04   5:14   0:08 
Mason Raymond            0  1  1   0  0   0  0  0  0  0  0/0    15:17   0:06   4:33 
Matt Calvert             0  0  0  -1  0   0  0  0  0  0  1/4     7:09   0:00   4:33 
Matt Niskanen            0  1  1  -1  4   2  4  1  0  0  0/0    22:35   5:08   2:47 
Michael Rupp             0  1  1   0  0   2  1  0  0  0  15/25  15:00   0:06   4:16 
Rasmus Ristolainen       0  1  1   0  0   1  0  4  0  0  0/0    23:46   3:34   4:56 
Roman Polak              1  0  1   1  0   2  6  3  0  0  0/0    17:56   0:06   4:19 

3 Stars

1 - Pekka Rinne (ARI)
2 - Jonathan Cheechoo (ARI)
3 - Roman Polak (ARI)

Power Play

Rangers - 0 on 5 Attempt(s) - 0,00%
Coyotes - 2 on 6 Attempt(s) - 33,33%

Penalty Kill

Rangers - 4 on 6 Attempt(s) - 66,67% - Score 0 goal in Penalty Kill
Coyotes - 5 on 5 Attempt(s) - 100,00% - Score 0 goal in Penalty Kill

Team Stat

Rangers - Hits : 25 - Faceoff Wins : 51 - Blocked Shots : 8 - Penalty Minutes : 12
Coyotes - Hits : 35 - Faceoff Wins : 45 - Blocked Shots : 10 - Penalty Minutes : 10

Official

Referees : Ghislain Hebert and Evgeny Romasko
Linesman : Justin Petterle and Fred Hudy

Game Notes

No Game Note

Finance

Level 1 -- Attendance: 3750 (100,00%) -- Ticket Income 345 000 $
Level 2 -- Attendance: 4000 (100,00%) -- Ticket Income 272 000 $
Level 3 -- Attendance: 2734 (60,76%) -- Ticket Income 57 414 $
Level 4 -- Attendance: 4373 (83,30%) -- Ticket Income 69 968 $
Luxury Box -- Attendance: 1000 (100,00%) -- Ticket Income 205 000 $
Game was played at the Staples Center.
Total Attendance: 15857 (85,71%)
Total Ticket Income: 949 382 $
Other Income: 465 197 $
Total Income: 1 414 579 $

Rangers

5 vs 5 Forward 
   Center                   Left Wing                Right Wing               Time % Phy DF OF 
 1 Matt Stajan              Ondrej Palat             Ilja Zubov               35     0   2  3  
 2 Nikolai Kulemin          Scott Hartnell           Shawn Collymore          31     1   2  2  
 3 Rich Peverley            Alex Foster              Clarke MacArthur         22     1   2  2  
 4 Evan McGrath             James Sheppard           Mattias Tedenby          12     1   2  2  

5 vs 5 Defense 
   Defense                  Defense                                           Time % Phy DF OF 
 1 Zach Bogosian            Tim Ramholt                                       35     1   3  1  
 2 Trevor Byrne             Dmitry Kulikov                                    31     1   3  1  
 3 Simon Despres            Fedor Tyutin                                      22     1   2  2  
 4 Zach Bogosian            Dmitry Kulikov                                    12     1   2  2  

PowerPlay Forward 
   Center                   Left Wing                Right Wing               Time % Phy DF OF 
 1 Matt Stajan              Ondrej Palat             Ilja Zubov               55     0   1  4  
 2 Nikolai Kulemin          Scott Hartnell           Shawn Collymore          45     0   1  4  

PowerPlay Defense
   Defense                  Defense                                           Time % Phy DF OF 
 1 Tim Ramholt              Zach Bogosian                                     55     0   2  3  
 2 Trevor Byrne             Simon Despres                                     45     0   2  3  

Penalty Kill 4 Players Forward 
   Center                   Wing                     Time % Phy DF OF 
 1 Evan McGrath             Nikolai Kulemin          55     0   4  1  
 2 Alex Foster              Scott Hartnell           45     0   4  1  

Penalty Kill 4 Players Defense
   Defense                  Defense                  Time % Phy DF OF 
 1 Fedor Tyutin             Zach Bogosian            55     0   4  1  
 2 Trevor Byrne             Simon Despres            45     0   4  1  

Penalty Kill - 3 Players Forward 
   Forward                                           Time % Phy DF OF 
 1 Evan McGrath                                      55     1   4  0  
 2 Matt Stajan                                       45     1   4  0  

Penalty Kill - 3 Players Defense
   Defense                  Defense                  Time % Phy DF OF 
 1 Fedor Tyutin             Dmitry Kulikov           55     1   4  0  
 2 Trevor Byrne             Tim Ramholt              45     1   4  0  

4 vs 4 Forward 
   Center                   Wing                     Time % Phy DF OF 
 1 Evan McGrath             Clarke MacArthur         55     1   2  2  
 2 Alex Foster              Scott Hartnell           45     1   2  2  

4 vs 4 Defense
   Defense                  Defense                  Time % Phy DF OF 
 1 Tim Ramholt              Zach Bogosian            55     1   2  2  
 2 Trevor Byrne             Simon Despres            45     1   2  2  

Last Minutes Offensive
   Center                   Left Wing                Right Wing               Defense                  Defense                  
   Matt Stajan              Ondrej Palat             Scott Hartnell           Trevor Byrne             Zach Bogosian            

Last Minutes Defensive
   Center                   Left Wing                Right Wing               Defense                  Defense                  
   Matt Stajan              Scott Hartnell           Clarke MacArthur         Simon Despres            Tim Ramholt              

Goaltenders
Starting : Mike Smith               
Backup : Tyler Beskorowany        

Extra Forwards
Normal : Evan McGrath, Rich Peverley, Alex Foster - PP : Evan McGrath, Rich Peverley - PK : Alex Foster
Extra Defensemen
Normal : Tim Ramholt, Fedor Tyutin, Trevor Byrne - PP : Dmitry Kulikov - PK : Zach Bogosian, Simon Despres
Penalty Shots
Clarke MacArthur, Matt Stajan, Ondrej Palat, Scott Hartnell, Nikolai Kulemin
Custom OT Lines Forwards
Clarke MacArthur, Matt Stajan, Ondrej Palat, Scott Hartnell, Nikolai Kulemin, Ilja Zubov, Rich Peverley, Alex Foster, Mattias Tedenby, James Sheppard
Custom OT Lines Defensemen
Tim Ramholt, Fedor Tyutin, Zach Bogosian, Trevor Byrne, Dmitry Kulikov

Scratches
None

Coyotes

5 vs 5 Forward 
   Center                   Left Wing                Right Wing               Time % Phy DF OF 
 1 Codey Burki              Jonathan Cheechoo        Justin Williams          37     0   2  3  
 2 Evgeny Kuznetsov         Johnny Gaudreau          David Pastrnak           35     0   2  3  
 3 Michael Rupp             Kyle Calder              Mason Raymond            24     1   2  2  
 4 David Brine              Jordan LaVallee          Matt Calvert             4      2   3  0  

5 vs 5 Defense 
   Defense                  Defense                                           Time % Phy DF OF 
 1 Matt Niskanen            Mark Giordano                                     38     0   2  3  
 2 Rasmus Ristolainen       Kris Russell                                      36     0   2  3  
 3 Jamie Oleksiak           Roman Polak                                       18     1   3  1  
 4 Rasmus Ristolainen       Matt Niskanen                                     8      0   2  3  

PowerPlay Forward 
   Center                   Left Wing                Right Wing               Time % Phy DF OF 
 1 David Brine              Jonathan Cheechoo        Justin Williams          50     0   0  5  
 2 Evgeny Kuznetsov         Johnny Gaudreau          David Pastrnak           50     0   0  5  

PowerPlay Defense
   Defense                  Defense                                           Time % Phy DF OF 
 1 Matt Niskanen            Mark Giordano                                     50     0   0  5  
 2 Rasmus Ristolainen       Kris Russell                                      50     0   0  5  

Penalty Kill 4 Players Forward 
   Center                   Wing                     Time % Phy DF OF 
 1 Michael Rupp             Kyle Calder              50     0   5  0  
 2 Matt Calvert             Mason Raymond            50     0   5  0  

Penalty Kill 4 Players Defense
   Defense                  Defense                  Time % Phy DF OF 
 1 Jamie Oleksiak           Roman Polak              50     0   5  0  
 2 Rasmus Ristolainen       Matt Niskanen            50     0   5  0  

Penalty Kill - 3 Players Forward 
   Forward                                           Time % Phy DF OF 
 1 David Pastrnak                                    60     0   1  4  
 2 Justin Williams                                   40     0   1  4  

Penalty Kill - 3 Players Defense
   Defense                  Defense                  Time % Phy DF OF 
 1 Roman Polak              Jamie Oleksiak           60     0   2  3  
 2 Mark Giordano            Matt Niskanen            40     0   1  4  

4 vs 4 Forward 
   Center                   Wing                     Time % Phy DF OF 
 1 Evgeny Kuznetsov         David Pastrnak           60     0   0  5  
 2 Matt Calvert             Johnny Gaudreau          40     0   1  4  

4 vs 4 Defense
   Defense                  Defense                  Time % Phy DF OF 
 1 Rasmus Ristolainen       Roman Polak              60     0   1  4  
 2 Matt Niskanen            Mark Giordano            40     0   2  3  

Last Minutes Offensive
   Center                   Left Wing                Right Wing               Defense                  Defense                  
   Evgeny Kuznetsov         Jonathan Cheechoo        Justin Williams          Rasmus Ristolainen       Mark Giordano            

Last Minutes Defensive
   Center                   Left Wing                Right Wing               Defense                  Defense                  
   Michael Rupp             Matt Calvert             Kyle Calder              Roman Polak              Matt Niskanen            

Goaltenders
Starting : Pekka Rinne              
Backup : Justin Pogge             

Extra Forwards
Normal : Jonathan Cheechoo, David Pastrnak, Johnny Gaudreau - PP : Evgeny Kuznetsov, David Pastrnak - PK : Michael Rupp
Extra Defensemen
Normal : Mark Giordano, Matt Niskanen, Jamie Oleksiak - PP : Rasmus Ristolainen - PK : Roman Polak, Kris Russell
Penalty Shots
Jonathan Cheechoo, Justin Williams, David Pastrnak, Johnny Gaudreau, Codey Burki
Custom OT Lines Forwards
Jonathan Cheechoo, Justin Williams, David Pastrnak, Johnny Gaudreau, Evgeny Kuznetsov, Mason Raymond, Codey Burki, David Brine, Jordan LaVallee, Matt Calvert
Custom OT Lines Defensemen
Mark Giordano, Rasmus Ristolainen, Matt Niskanen, Roman Polak, Kris Russell

Scratches
Ville Koistinen (Separated Left Shoulder Injury)

% Time on Ice - Rangers

Lines # - Real PCT - Wanted PCT - Time Play
Normal Forward
1 - 36% - 35% - 14:41
2 - 30% - 31% - 12:14
3 - 21% - 22% - 8:29
4 - 14% - 12% - 5:53
Normal Defense
1 - 37% - 35% - 15:11
2 - 34% - 31% - 14:03
3 - 26% - 22% - 10:32
4 - 4% - 12% - 1:31
PP Forward
1 - 55% - 55% - 4:53
2 - 45% - 45% - 3:56
PP Defense
1 - 49% - 55% - 4:17
2 - 51% - 45% - 4:32
PK Forward
1 - 54% - 55% - 4:45
2 - 46% - 45% - 4:03
PK Defense
1 - 49% - 55% - 4:20
2 - 51% - 45% - 4:28
PK3 Forward
1 - 0% - 55%
2 - 0% - 45%
PK3 Defense
1 - 0% - 55%
2 - 0% - 45%
44 Forward
1 - 79% - 55% - 0:52
2 - 21% - 45% - 0:14
44 Defense
1 - 79% - 55% - 0:52
2 - 21% - 45% - 0:14
Last Minute Offensive  - 0:00
Last Minute Defensive  - 0:00
Total
Forward - 60:00
Defense - 60:00

% Time on Ice - Coyotes

Lines # - Real PCT - Wanted PCT - Time Play
Normal Forward
1 - 36% - 37% - 14:42
2 - 32% - 35% - 13:21
3 - 26% - 24% - 10:38
4 - 6% - 4% - 2:36
Normal Defense
1 - 36% - 38% - 14:42
2 - 34% - 36% - 14:10
3 - 30% - 18% - 12:25
4 - 0% - 8% - 0:00
PP Forward
1 - 46% - 50% - 4:05
2 - 54% - 50% - 4:43
PP Defense
1 - 59% - 50% - 5:14
2 - 41% - 50% - 3:34
PK Forward
1 - 48% - 50% - 4:16
2 - 52% - 50% - 4:33
PK Defense
1 - 40% - 50% - 3:31
2 - 60% - 50% - 5:18
PK3 Forward
1 - 0% - 60%
2 - 0% - 40%
PK3 Defense
1 - 0% - 60%
2 - 0% - 40%
44 Forward
1 - 100% - 60% - 1:06
2 - 0% - 40% - 0:00
44 Defense
1 - 100% - 60% - 1:06
2 - 0% - 40% - 0:00
Last Minute Offensive  - 0:00
Last Minute Defensive  - 0:00
Total
Forward - 60:00
Defense - 60:00

Play by Play

1st period


0:01 of 1st period - Matt Stajan wins face-off versus Codey Burki in neutral zone.
0:04 of 1st period - Shot by Matt Stajan.
0:04 of 1st period - Stopped by Pekka Rinne without a rebound.
0:05 of 1st period - Nikolai Kulemin wins face-off versus Evgeny Kuznetsov in Coyotes zone.
0:20 of 1st period - Shot by Scott Hartnell.
0:20 of 1st period - Stopped by Pekka Rinne without a rebound.
0:21 of 1st period - Michael Rupp wins face-off versus Rich Peverley in Coyotes zone.
0:23 of 1st period - Icing by Mason Raymond.
0:24 of 1st period - Matt Stajan wins face-off versus Michael Rupp in Coyotes zone.
0:29 of 1st period - Shot by Ondrej Palat.
0:29 of 1st period - Shot Misses the Net.
0:31 of 1st period - Shot by Zach Bogosian.
0:31 of 1st period - Stopped by Pekka Rinne without a rebound.
0:32 of 1st period - Rich Peverley wins face-off versus Codey Burki in Coyotes zone.
0:37 of 1st period - Shot by Rich Peverley.
0:37 of 1st period - Stopped by Pekka Rinne with a rebound.
0:46 of 1st period - Minor Penalty to Matt Niskanen for High sticking.
0:47 of 1st period - Michael Rupp wins face-off versus Matt Stajan in Coyotes zone.
0:58 of 1st period - Shot by Matt Stajan.
0:58 of 1st period - Stopped by Pekka Rinne with a rebound.
1:00 of 1st period - Shot by Tim Ramholt.
1:00 of 1st period - Stopped by Pekka Rinne without a rebound.
1:01 of 1st period - Michael Rupp wins face-off versus Nikolai Kulemin in Coyotes zone.
2:11 of 1st period - Tim Ramholt is hit by Kris Russell.
2:17 of 1st period - Shot by Ondrej Palat.
2:17 of 1st period - Stopped by Pekka Rinne without a rebound.
2:18 of 1st period - Ilja Zubov wins face-off versus Matt Calvert in Coyotes zone.
2:29 of 1st period - Shot by Tim Ramholt.
2:29 of 1st period - Stopped by Pekka Rinne without a rebound.
2:30 of 1st period - Michael Rupp wins face-off versus Nikolai Kulemin in Coyotes zone.
2:41 of 1st period - Shot by Trevor Byrne.
2:41 of 1st period - Stopped by Pekka Rinne without a rebound.
2:42 of 1st period - Matt Stajan wins face-off versus Michael Rupp in Coyotes zone.
4:08 of 1st period - Ilja Zubov is hit by Kris Russell and loses puck.
4:28 of 1st period - Icing by Rasmus Ristolainen.
4:29 of 1st period - Codey Burki wins face-off versus Nikolai Kulemin in Coyotes zone.
4:29 of 1st period - Codey Burki is hit by Scott Hartnell.
4:54 of 1st period - Shot by Nikolai Kulemin.
4:54 of 1st period - Stopped by Pekka Rinne without a rebound.
4:55 of 1st period - Rich Peverley wins face-off versus Michael Rupp in Coyotes zone.
4:55 of 1st period - Rich Peverley is hit by Roman Polak.
4:58 of 1st period - Clarke MacArthur is hit by Jamie Oleksiak and loses puck.
5:10 of 1st period - Clarke MacArthur is hit by Roman Polak and loses puck.
6:18 of 1st period - Off-side.
6:19 of 1st period - Nikolai Kulemin wins face-off versus David Brine in neutral zone.
6:37 of 1st period - Shot by Scott Hartnell.
6:37 of 1st period - Stopped by Pekka Rinne without a rebound.
6:38 of 1st period - Matt Stajan wins face-off versus Codey Burki in Coyotes zone.
6:43 of 1st period - Shot by Simon Despres.
6:43 of 1st period - Shot Blocked by Matt Niskanen.
6:45 of 1st period - Shot by Ondrej Palat.
6:45 of 1st period - Deflect By Ilja Zubov.
6:45 of 1st period - Shot Misses the Net.
6:47 of 1st period - Shot by Simon Despres.
6:47 of 1st period - Stopped by Pekka Rinne without a rebound.
6:48 of 1st period - Scott Hartnell wins face-off versus Johnny Gaudreau in Coyotes zone.
6:52 of 1st period - Scott Hartnell is hit by Roman Polak and loses puck.
7:01 of 1st period - Shot by Shawn Collymore.
7:01 of 1st period - Deflect By Scott Hartnell.
7:01 of 1st period - Shot Misses the Net.
7:09 of 1st period - Shot by Nikolai Kulemin.
7:09 of 1st period - Deflect By Scott Hartnell.
7:09 of 1st period - Stopped by Pekka Rinne without a rebound.
7:10 of 1st period - Matt Stajan wins face-off versus Codey Burki in Coyotes zone.
7:17 of 1st period - Shot by Ilja Zubov.
7:17 of 1st period - Shot Misses the Net.
7:21 of 1st period - Shot by Ilja Zubov.
7:21 of 1st period - Stopped by Pekka Rinne with a rebound.
7:23 of 1st period - Shot by Matt Stajan.
7:23 of 1st period - Stopped by Pekka Rinne without a rebound.
7:24 of 1st period - Nikolai Kulemin wins face-off versus Michael Rupp in Coyotes zone.
7:24 of 1st period - Nikolai Kulemin is hit by Matt Niskanen.
7:28 of 1st period - Shot by Shawn Collymore.
7:28 of 1st period - Goal by Shawn Collymore - Rangers : 1 - Coyotes : 0.
7:29 of 1st period - Justin Williams wins face-off versus Matt Stajan in neutral zone.
7:35 of 1st period - Icing by Dmitry Kulikov.
7:36 of 1st period - Matt Stajan wins face-off versus Codey Burki in Rangers zone.
7:36 of 1st period - Ondrej Palat is hit by Jonathan Cheechoo and loses puck.
7:38 of 1st period - Minor Penalty to Jonathan Cheechoo for Hooking.
7:39 of 1st period - Ilja Zubov wins face-off versus Michael Rupp in Coyotes zone.
8:20 of 1st period - Shot by Matt Stajan.
8:20 of 1st period - Stopped by Pekka Rinne without a rebound.
8:21 of 1st period - Nikolai Kulemin wins face-off versus Kyle Calder in Coyotes zone.
8:21 of 1st period - Simon Despres is hit by Roman Polak and loses puck.
8:50 of 1st period - Shot by Trevor Byrne.
8:50 of 1st period - Shot Blocked by Rasmus Ristolainen.
8:52 of 1st period - Shot by Shawn Collymore.
8:52 of 1st period - Shot Hit the Post.
9:27 of 1st period - Shot by Matt Stajan.
9:27 of 1st period - Stopped by Pekka Rinne with a rebound.
10:05 of 1st period - Shot by Alex Foster.
10:05 of 1st period - Shot Blocked by Kris Russell.
10:07 of 1st period - Shot by Alex Foster.
10:07 of 1st period - Deflect By Clarke MacArthur.
10:07 of 1st period - Shot Blocked by Rasmus Ristolainen.
10:09 of 1st period - Shot by Trevor Byrne.
10:09 of 1st period - Stopped by Pekka Rinne without a rebound.
10:10 of 1st period - Evgeny Kuznetsov wins face-off versus Evan McGrath in Coyotes zone.
10:16 of 1st period - Off-side.
10:17 of 1st period - Evgeny Kuznetsov wins face-off versus Nikolai Kulemin in neutral zone.
10:26 of 1st period - Shot by Tim Ramholt.
10:26 of 1st period - Stopped by Pekka Rinne without a rebound.
10:27 of 1st period - Michael Rupp wins face-off versus Matt Stajan in Coyotes zone.
11:10 of 1st period - Off-side.
11:11 of 1st period - Scott Hartnell wins face-off versus Codey Burki in neutral zone.
12:00 of 1st period - Off-side.
12:01 of 1st period - Evgeny Kuznetsov wins face-off versus Matt Stajan in neutral zone.
12:06 of 1st period - Shot by Johnny Gaudreau.
12:06 of 1st period - Goal by Johnny Gaudreau - Rangers : 1 - Coyotes : 1.
12:07 of 1st period - Evgeny Kuznetsov wins face-off versus Matt Stajan in neutral zone.
12:09 of 1st period - Off-side.
12:10 of 1st period - Evgeny Kuznetsov wins face-off versus Matt Stajan in neutral zone.
12:10 of 1st period - Johnny Gaudreau is hit by Matt Stajan and loses puck.
12:29 of 1st period - Ilja Zubov is hit by Matt Niskanen and loses puck.
12:54 of 1st period - Shot by Ilja Zubov.
12:54 of 1st period - Shot Misses the Net.
13:01 of 1st period - Minor Penalty to Scott Hartnell for Hooking.
13:02 of 1st period - Evan McGrath wins face-off versus David Brine in Rangers zone.
13:02 of 1st period - Evan McGrath is hit by Jonathan Cheechoo.
13:13 of 1st period - Kris Russell is hit by Zach Bogosian and loses puck.
15:22 of 1st period - Shot by Michael Rupp.
15:22 of 1st period - Shot Blocked by Zach Bogosian.
15:24 of 1st period - Shot by Roman Polak.
15:24 of 1st period - Goal by Roman Polak - Rangers : 1 - Coyotes : 2.
15:25 of 1st period - Rich Peverley wins face-off versus David Brine in neutral zone.
15:31 of 1st period - Icing by Jamie Oleksiak.
15:32 of 1st period - Matt Stajan wins face-off versus David Brine in Coyotes zone.
15:35 of 1st period - Shot by Ilja Zubov.
15:35 of 1st period - Goal by Ilja Zubov - Rangers : 2 - Coyotes : 2.
15:36 of 1st period - Nikolai Kulemin wins face-off versus Michael Rupp in neutral zone.
15:42 of 1st period - Icing by Matt Niskanen.
15:43 of 1st period - Michael Rupp wins face-off versus Nikolai Kulemin in Coyotes zone.
15:48 of 1st period - Shot by Scott Hartnell.
15:48 of 1st period - Stopped by Pekka Rinne without a rebound.
15:49 of 1st period - Codey Burki wins face-off versus Nikolai Kulemin in Coyotes zone.
15:59 of 1st period - Scott Hartnell is hit by Kris Russell and loses puck.
17:59 of 1st period - Simon Despres is hit by Roman Polak and loses puck.
18:59 of 1st period - Shot by James Sheppard.
18:59 of 1st period - Stopped by Pekka Rinne with a rebound.
19:35 of 1st period - Shot by Justin Williams.
19:35 of 1st period - Stopped by Mike Smith without a rebound.
19:36 of 1st period - Matt Stajan wins face-off versus Codey Burki in Rangers zone.
19:36 of 1st period - Ondrej Palat is hit by Jonathan Cheechoo.
19:37 of 1st period - Minor Penalty to Codey Burki for Cross-checking.
19:38 of 1st period - Matt Stajan wins face-off versus Michael Rupp in Coyotes zone.
19:38 of 1st period - Matt Stajan is hit by Matt Niskanen.
19:48 of 1st period - Shot by Simon Despres.
19:48 of 1st period - Deflect By Matt Stajan.
19:48 of 1st period - Shot Misses the Net.
19:50 of 1st period - Shot by Ilja Zubov.
19:50 of 1st period - Shot Misses the Net.
19:52 of 1st period - Shot by Matt Stajan.
19:52 of 1st period - Stopped by Pekka Rinne without a rebound.
19:53 of 1st period - Nikolai Kulemin wins face-off versus Matt Calvert in Coyotes zone.
Goals for this period are 2 for Rangers vs 2 for Coyotes.
Shots for this period are 24 for Rangers vs 3 for Coyotes.

2nd period


0:01 of 2nd period - Matt Calvert wins face-off versus Matt Stajan in neutral zone.
1:10 of 2nd period - Shot by Simon Despres.
1:10 of 2nd period - Stopped by Pekka Rinne with a rebound.
1:12 of 2nd period - Shot by Scott Hartnell.
1:12 of 2nd period - Shot Misses the Net.
1:14 of 2nd period - Shot by Simon Despres.
1:14 of 2nd period - Stopped by Pekka Rinne without a rebound.
1:15 of 2nd period - Nikolai Kulemin wins face-off versus Matt Calvert in Coyotes zone.
1:18 of 2nd period - Shot by Scott Hartnell.
1:18 of 2nd period - Shot Misses the Net.
1:20 of 2nd period - Shot by Simon Despres.
1:20 of 2nd period - Stopped by Pekka Rinne without a rebound.
1:21 of 2nd period - Michael Rupp wins face-off versus Nikolai Kulemin in Coyotes zone.
1:21 of 2nd period - Michael Rupp is hit by Scott Hartnell.
1:41 of 2nd period - Shot by Alex Foster.
1:41 of 2nd period - Stopped by Pekka Rinne without a rebound.
1:42 of 2nd period - Codey Burki wins face-off versus Matt Stajan in Coyotes zone.
1:42 of 2nd period - Codey Burki is hit by Matt Stajan.
1:48 of 2nd period - Shot by Justin Williams.
1:48 of 2nd period - Stopped by Mike Smith with a rebound.
2:22 of 2nd period - Shot by Justin Williams.
2:22 of 2nd period - Deflect By Jonathan Cheechoo.
2:22 of 2nd period - Shot Misses the Net.
2:40 of 2nd period - Jonathan Cheechoo is hit by Shawn Collymore and loses puck.
3:07 of 2nd period - Shot by Scott Hartnell.
3:07 of 2nd period - Deflect By Nikolai Kulemin.
3:07 of 2nd period - Shot Misses the Net.
3:15 of 2nd period - Shot by Scott Hartnell.
3:15 of 2nd period - Shot Blocked by Jonathan Cheechoo.
3:44 of 2nd period - Shot by Clarke MacArthur.
3:44 of 2nd period - Shot Misses the Net.
3:46 of 2nd period - Shot by Fedor Tyutin.
3:46 of 2nd period - Stopped by Pekka Rinne without a rebound.
3:47 of 2nd period - Evan McGrath wins face-off versus Michael Rupp in Coyotes zone.
3:57 of 2nd period - Rasmus Ristolainen is hit by James Sheppard and loses puck.
4:06 of 2nd period - Shot by Evan McGrath.
4:06 of 2nd period - Shot Misses the Net.
4:15 of 2nd period - Icing by Zach Bogosian.
4:16 of 2nd period - Evan McGrath wins face-off versus Evgeny Kuznetsov in Rangers zone.
4:16 of 2nd period - Evan McGrath is hit by Johnny Gaudreau.
4:23 of 2nd period - Zach Bogosian is hit by David Pastrnak and loses puck.
5:30 of 2nd period - Off-side.
5:31 of 2nd period - Michael Rupp wins face-off versus Nikolai Kulemin in neutral zone.
5:52 of 2nd period - Shot by Scott Hartnell.
5:52 of 2nd period - Shot Misses the Net.
6:10 of 2nd period - Shot by Shawn Collymore.
6:10 of 2nd period - Deflect By Scott Hartnell.
6:10 of 2nd period - Stopped by Pekka Rinne without a rebound.
6:11 of 2nd period - Codey Burki wins face-off versus Rich Peverley in Coyotes zone.
6:11 of 2nd period - Codey Burki is hit by Alex Foster.
6:27 of 2nd period - Shot by Rich Peverley.
6:27 of 2nd period - Stopped by Pekka Rinne without a rebound.
6:28 of 2nd period - Ilja Zubov wins face-off versus David Brine in Coyotes zone.
6:44 of 2nd period - Minor Penalty to Matt Niskanen for Tripping.
6:45 of 2nd period - Scott Hartnell wins face-off versus Michael Rupp in Coyotes zone.
7:05 of 2nd period - Shot by Scott Hartnell.
7:05 of 2nd period - Stopped by Pekka Rinne without a rebound.
7:06 of 2nd period - Michael Rupp wins face-off versus Matt Stajan in Coyotes zone.
7:51 of 2nd period - Icing by Trevor Byrne.
7:52 of 2nd period - Michael Rupp wins face-off versus Matt Stajan in Rangers zone.
8:57 of 2nd period - Matt Niskanen is hit by Alex Foster and loses puck.
9:04 of 2nd period - Shot by Clarke MacArthur.
9:04 of 2nd period - Shot Misses the Net.
9:19 of 2nd period - Off-side.
9:20 of 2nd period - Mattias Tedenby wins face-off versus Codey Burki in neutral zone.
9:20 of 2nd period - Simon Despres is hit by Codey Burki.
9:27 of 2nd period - Icing by Justin Williams.
9:28 of 2nd period - Codey Burki wins face-off versus Nikolai Kulemin in Coyotes zone.
9:37 of 2nd period - Shot by Roman Polak.
9:37 of 2nd period - Stopped by Mike Smith with a rebound.
10:02 of 2nd period - Minor Penalty to Scott Hartnell for Interference.
10:03 of 2nd period - Evgeny Kuznetsov wins face-off versus Evan McGrath in Rangers zone.
10:14 of 2nd period - Shot by David Pastrnak.
10:14 of 2nd period - Stopped by Mike Smith with a rebound.
10:16 of 2nd period - Shot by Evgeny Kuznetsov.
10:16 of 2nd period - Deflect By Johnny Gaudreau.
10:16 of 2nd period - Shot Blocked by Fedor Tyutin.
11:00 of 2nd period - Shot by Kris Russell.
11:00 of 2nd period - Stopped by Mike Smith without a rebound.
11:01 of 2nd period - Alex Foster wins face-off versus David Brine in Rangers zone.
11:10 of 2nd period - Shot by Kris Russell.
11:10 of 2nd period - Shot Blocked by Trevor Byrne.
11:12 of 2nd period - Shot by Jonathan Cheechoo.
11:12 of 2nd period - Deflect By David Brine.
11:12 of 2nd period - Stopped by Mike Smith without a rebound.
11:13 of 2nd period - David Brine wins face-off versus Evan McGrath in Rangers zone.
11:28 of 2nd period - Shot by Rasmus Ristolainen.
11:28 of 2nd period - Stopped by Mike Smith without a rebound.
11:29 of 2nd period - David Pastrnak wins face-off versus Alex Foster in Rangers zone.
12:04 of 2nd period - Shot by Mark Giordano.
12:04 of 2nd period - Shot Blocked by Ondrej Palat.
12:09 of 2nd period - Ondrej Palat is hit by Jonathan Cheechoo and loses puck.
12:18 of 2nd period - Shot by Matt Stajan.
12:18 of 2nd period - Stopped by Pekka Rinne without a rebound.
12:19 of 2nd period - Nikolai Kulemin wins face-off versus Kyle Calder in Coyotes zone.
12:26 of 2nd period - Shot by Scott Hartnell.
12:26 of 2nd period - Shot Blocked by Roman Polak.
12:28 of 2nd period - Shot by Scott Hartnell.
12:28 of 2nd period - Shot Misses the Net.
12:30 of 2nd period - Shot by Shawn Collymore.
12:30 of 2nd period - Stopped by Pekka Rinne without a rebound.
12:31 of 2nd period - Codey Burki wins face-off versus Matt Stajan in Coyotes zone.
12:31 of 2nd period - Codey Burki is hit by Matt Stajan.
12:53 of 2nd period - Shot by Jonathan Cheechoo.
12:53 of 2nd period - Stopped by Mike Smith without a rebound.
12:54 of 2nd period - Nikolai Kulemin wins face-off versus Evgeny Kuznetsov in Rangers zone.
12:54 of 2nd period - Nikolai Kulemin is hit by David Pastrnak.
13:10 of 2nd period - Shot by Shawn Collymore.
13:10 of 2nd period - Deflect By Scott Hartnell.
13:10 of 2nd period - Stopped by Pekka Rinne without a rebound.
13:11 of 2nd period - Matt Stajan wins face-off versus Codey Burki in Coyotes zone.
13:11 of 2nd period - Ilja Zubov is hit by Kris Russell and loses puck.
13:15 of 2nd period - Icing by Rasmus Ristolainen.
13:16 of 2nd period - Codey Burki wins face-off versus Matt Stajan in Coyotes zone.
13:31 of 2nd period - Tim Ramholt is hit by Justin Williams and loses puck.
13:42 of 2nd period - Zach Bogosian is hit by Jonathan Cheechoo.
13:54 of 2nd period - Shot by Jonathan Cheechoo.
13:54 of 2nd period - Shot Misses the Net.
14:15 of 2nd period - Minor Penalty to Scott Hartnell for Roughing.
14:16 of 2nd period - Evgeny Kuznetsov wins face-off versus Evan McGrath in Rangers zone.
14:57 of 2nd period - Johnny Gaudreau is hit by Fedor Tyutin and loses puck.
15:20 of 2nd period - Shot by Jonathan Cheechoo.
15:20 of 2nd period - Goal by Jonathan Cheechoo - Rangers : 2 - Coyotes : 3.
15:21 of 2nd period - Kyle Calder wins face-off versus Rich Peverley in neutral zone.
15:34 of 2nd period - Shot by Michael Rupp.
15:34 of 2nd period - Stopped by Mike Smith without a rebound.
15:35 of 2nd period - Nikolai Kulemin wins face-off versus David Brine in Rangers zone.
15:35 of 2nd period - Nikolai Kulemin is hit by Jordan LaVallee.
15:38 of 2nd period - Icing by Fedor Tyutin.
15:39 of 2nd period - Nikolai Kulemin wins face-off versus Codey Burki in Rangers zone.
16:10 of 2nd period - Shot by Justin Williams.
16:10 of 2nd period - Shot Misses the Net.
16:15 of 2nd period - Codey Burki is hit by Fedor Tyutin and loses puck.
16:46 of 2nd period - Shot by Matt Niskanen.
16:46 of 2nd period - Shot Misses the Net.
17:08 of 2nd period - Shot by Ondrej Palat.
17:08 of 2nd period - Deflect By Ilja Zubov.
17:08 of 2nd period - Stopped by Pekka Rinne with a rebound.
17:10 of 2nd period - Shot by Ilja Zubov.
17:10 of 2nd period - Stopped by Pekka Rinne without a rebound.
17:11 of 2nd period - Michael Rupp wins face-off versus Rich Peverley in Coyotes zone.
17:11 of 2nd period - Michael Rupp is hit by Alex Foster.
17:27 of 2nd period - Rasmus Ristolainen is hit by Alex Foster and loses puck.
17:38 of 2nd period - Shot by Clarke MacArthur.
17:38 of 2nd period - Shot Misses the Net.
17:40 of 2nd period - Shot by Clarke MacArthur.
17:40 of 2nd period - Stopped by Pekka Rinne with a rebound.
17:42 of 2nd period - Shot by Rich Peverley.
17:42 of 2nd period - Stopped by Pekka Rinne without a rebound.
17:43 of 2nd period - Codey Burki wins face-off versus Evan McGrath in Coyotes zone.
18:13 of 2nd period - Mattias Tedenby is hit by Jamie Oleksiak and loses puck.
19:34 of 2nd period - Icing by Zach Bogosian.
19:35 of 2nd period - Michael Rupp wins face-off versus Matt Stajan in Rangers zone.
19:43 of 2nd period - Icing by Tim Ramholt.
19:44 of 2nd period - Matt Stajan wins face-off versus Codey Burki in Rangers zone.
19:44 of 2nd period - Zach Bogosian is hit by Justin Williams and loses puck.
Goals for this period are 0 for Rangers vs 1 for Coyotes.
Shots for this period are 15 for Rangers vs 9 for Coyotes.

3rd period


0:01 of 3rd period - Evgeny Kuznetsov wins face-off versus Nikolai Kulemin in neutral zone.
0:01 of 3rd period - Evgeny Kuznetsov is hit by Scott Hartnell.
0:10 of 3rd period - Minor Penalty to Trevor Byrne for Slashing.
0:11 of 3rd period - Jonathan Cheechoo wins face-off versus Evan McGrath in Rangers zone.
0:30 of 3rd period - Shot by Mark Giordano.
0:30 of 3rd period - Deflect By Justin Williams.
0:30 of 3rd period - Stopped by Mike Smith without a rebound.
0:31 of 3rd period - Evan McGrath wins face-off versus Evgeny Kuznetsov in Rangers zone.
0:51 of 3rd period - David Pastrnak is hit by Zach Bogosian and loses puck.
1:21 of 3rd period - Off-side.
1:22 of 3rd period - Alex Foster wins face-off versus David Brine in neutral zone.
2:42 of 3rd period - Shot by Michael Rupp.
2:42 of 3rd period - Stopped by Mike Smith without a rebound.
2:43 of 3rd period - Evgeny Kuznetsov wins face-off versus Evan McGrath in Rangers zone.
3:27 of 3rd period - David Pastrnak is hit by Zach Bogosian.
3:34 of 3rd period - Icing by Kris Russell.
3:35 of 3rd period - Nikolai Kulemin wins face-off versus Evgeny Kuznetsov in Coyotes zone.
3:36 of 3rd period - Shot by Scott Hartnell.
3:36 of 3rd period - Stopped by Pekka Rinne with a rebound.
3:42 of 3rd period - Nikolai Kulemin is hit by Johnny Gaudreau and loses puck.
4:04 of 3rd period - Matt Niskanen is hit by Dmitry Kulikov.
4:10 of 3rd period - Shot by Justin Williams.
4:10 of 3rd period - Stopped by Mike Smith without a rebound.
4:11 of 3rd period - Michael Rupp wins face-off versus Matt Stajan in Rangers zone.
4:11 of 3rd period - Mason Raymond is hit by Fedor Tyutin and loses puck.
4:18 of 3rd period - Shot by Matt Stajan.
4:18 of 3rd period - Stopped by Pekka Rinne with a rebound.
4:21 of 3rd period - Matt Stajan is hit by Jamie Oleksiak and loses puck.
4:35 of 3rd period - Mason Raymond is hit by Fedor Tyutin and loses puck.
5:29 of 3rd period - Shot by Clarke MacArthur.
5:29 of 3rd period - Stopped by Pekka Rinne without a rebound.
5:30 of 3rd period - Nikolai Kulemin wins face-off versus Evgeny Kuznetsov in Coyotes zone.
5:30 of 3rd period - Nikolai Kulemin is hit by Matt Niskanen.
6:04 of 3rd period - Shot by Evgeny Kuznetsov.
6:04 of 3rd period - Stopped by Mike Smith without a rebound.
6:05 of 3rd period - Codey Burki wins face-off versus Rich Peverley in Rangers zone.
6:06 of 3rd period - Shot by Rasmus Ristolainen.
6:06 of 3rd period - Deflect By Justin Williams.
6:06 of 3rd period - Shot Misses the Net.
6:08 of 3rd period - Shot by Jonathan Cheechoo.
6:08 of 3rd period - Shot Misses the Net.
6:16 of 3rd period - Shot by Justin Williams.
6:16 of 3rd period - Shot Blocked by Trevor Byrne.
6:18 of 3rd period - Shot by Kris Russell.
6:18 of 3rd period - Shot Misses the Net.
6:45 of 3rd period - Icing by Clarke MacArthur.
6:46 of 3rd period - Rich Peverley wins face-off versus Evgeny Kuznetsov in Rangers zone.
8:25 of 3rd period - Scott Hartnell is hit by Roman Polak.
8:35 of 3rd period - Shot by Ilja Zubov.
8:35 of 3rd period - Shot Misses the Net.
8:37 of 3rd period - Shot by Fedor Tyutin.
8:37 of 3rd period - Stopped by Pekka Rinne with a rebound.
8:39 of 3rd period - Shot by Ondrej Palat.
8:39 of 3rd period - Deflect By Ilja Zubov.
8:39 of 3rd period - Stopped by Pekka Rinne with a rebound.
8:41 of 3rd period - Shot by Ondrej Palat.
8:41 of 3rd period - Shot Blocked by Roman Polak.
8:43 of 3rd period - Shot by Simon Despres.
8:43 of 3rd period - Shot Misses the Net.
8:47 of 3rd period - Shot by Ilja Zubov.
8:47 of 3rd period - Shot Misses the Net.
8:49 of 3rd period - Shot by Matt Stajan.
8:49 of 3rd period - Shot Blocked by Roman Polak.
8:51 of 3rd period - Shot by Matt Stajan.
8:51 of 3rd period - Stopped by Pekka Rinne without a rebound.
8:52 of 3rd period - Evan McGrath wins face-off versus Codey Burki in Coyotes zone.
9:06 of 3rd period - Icing by Rasmus Ristolainen.
9:07 of 3rd period - Matt Stajan wins face-off versus Codey Burki in Coyotes zone.
9:12 of 3rd period - Shot by Ondrej Palat.
9:12 of 3rd period - Stopped by Pekka Rinne without a rebound.
9:13 of 3rd period - Evgeny Kuznetsov wins face-off versus Matt Stajan in Coyotes zone.
9:24 of 3rd period - Shot by Johnny Gaudreau.
9:24 of 3rd period - Shot Misses the Net.
9:30 of 3rd period - Mark Giordano is hit by Matt Stajan and loses puck.
9:53 of 3rd period - Off-side.
9:54 of 3rd period - Scott Hartnell wins face-off versus Codey Burki in neutral zone.
10:45 of 3rd period - Shawn Collymore is hit by Michael Rupp and loses puck.
11:19 of 3rd period - Shot by Alex Foster.
11:19 of 3rd period - Shot Misses the Net.
11:21 of 3rd period - Shot by Clarke MacArthur.
11:21 of 3rd period - Deflect By Alex Foster.
11:21 of 3rd period - Stopped by Pekka Rinne without a rebound.
11:22 of 3rd period - Evgeny Kuznetsov wins face-off versus Ondrej Palat in Coyotes zone.
11:27 of 3rd period - Matt Stajan is hit by David Pastrnak and loses puck.
11:38 of 3rd period - Shot by David Pastrnak.
11:38 of 3rd period - Stopped by Mike Smith with a rebound.
11:40 of 3rd period - Shot by Matt Niskanen.
11:40 of 3rd period - Stopped by Mike Smith without a rebound.
11:41 of 3rd period - David Brine wins face-off versus Evan McGrath in Rangers zone.
11:41 of 3rd period - Kris Russell is hit by Trevor Byrne.
11:43 of 3rd period - Shot by Jordan LaVallee.
11:43 of 3rd period - Shot Misses the Net.
11:52 of 3rd period - Dmitry Kulikov is hit by Jordan LaVallee and loses puck.
12:30 of 3rd period - Mattias Tedenby is hit by Jordan LaVallee and loses puck.
13:12 of 3rd period - Shot by Nikolai Kulemin.
13:12 of 3rd period - Shot Misses the Net.
13:21 of 3rd period - Minor Penalty to Tim Ramholt for High sticking.
13:22 of 3rd period - Alex Foster wins face-off versus Evgeny Kuznetsov in Rangers zone.
13:31 of 3rd period - Fedor Tyutin is hit by Evgeny Kuznetsov.
14:12 of 3rd period - Shot by Jonathan Cheechoo.
14:12 of 3rd period - Shot Blocked by Simon Despres.
14:14 of 3rd period - Shot by Jonathan Cheechoo.
14:14 of 3rd period - Goal by Jonathan Cheechoo - Rangers : 2 - Coyotes : 4.
14:15 of 3rd period - Matt Stajan wins face-off versus Michael Rupp in neutral zone.
14:35 of 3rd period - Minor Penalty to Matt Stajan for Roughing.
14:36 of 3rd period - Alex Foster wins face-off versus Evgeny Kuznetsov in Rangers zone.
14:45 of 3rd period - Shot by Mark Giordano.
14:45 of 3rd period - Shot Misses the Net.
14:47 of 3rd period - Shot by Mark Giordano.
14:47 of 3rd period - Shot Misses the Net.
14:49 of 3rd period - Shot by Matt Niskanen.
14:49 of 3rd period - Stopped by Mike Smith with a rebound.
14:51 of 3rd period - Shot by Mark Giordano.
14:51 of 3rd period - Stopped by Mike Smith without a rebound.
14:52 of 3rd period - Evan McGrath wins face-off versus David Brine in Rangers zone.
15:28 of 3rd period - Minor Penalty to Justin Williams for Hooking.
15:29 of 3rd period - Evgeny Kuznetsov wins face-off versus Evan McGrath in Coyotes zone.
15:41 of 3rd period - Shot by Clarke MacArthur.
15:41 of 3rd period - Stopped by Pekka Rinne without a rebound.
15:42 of 3rd period - Clarke MacArthur wins face-off versus Evgeny Kuznetsov in Coyotes zone.
16:32 of 3rd period - Shot by Trevor Byrne.
16:32 of 3rd period - Shot Blocked by Rasmus Ristolainen.
17:04 of 3rd period - Shot by Trevor Byrne.
17:04 of 3rd period - Stopped by Pekka Rinne without a rebound.
17:05 of 3rd period - Michael Rupp wins face-off versus Nikolai Kulemin in Coyotes zone.
17:05 of 3rd period - Michael Rupp is hit by Scott Hartnell.
17:17 of 3rd period - Shot by Shawn Collymore.
17:17 of 3rd period - Shot Misses the Net.
17:19 of 3rd period - Shot by Zach Bogosian.
17:19 of 3rd period - Shot Blocked by Rasmus Ristolainen.
17:25 of 3rd period - Shot by Tim Ramholt.
17:25 of 3rd period - Shot Misses the Net.
17:27 of 3rd period - Shot by Zach Bogosian.
17:27 of 3rd period - Stopped by Pekka Rinne without a rebound.
17:28 of 3rd period - Rich Peverley wins face-off versus Codey Burki in Coyotes zone.
17:35 of 3rd period - Shot by Matt Niskanen.
17:35 of 3rd period - Shot Blocked by Clarke MacArthur.
17:37 of 3rd period - Shot by Mark Giordano.
17:37 of 3rd period - Shot Blocked by Rich Peverley.
17:57 of 3rd period - Shot by Jonathan Cheechoo.
17:57 of 3rd period - Deflect By Codey Burki.
17:57 of 3rd period - Stopped by Mike Smith without a rebound.
17:58 of 3rd period - Nikolai Kulemin wins face-off versus Evgeny Kuznetsov in Rangers zone.
18:06 of 3rd period - Shot by Evgeny Kuznetsov.
18:06 of 3rd period - Stopped by Mike Smith without a rebound.
18:07 of 3rd period - Evgeny Kuznetsov wins face-off versus Matt Stajan in Rangers zone.
18:15 of 3rd period - David Pastrnak is hit by Zach Bogosian and loses puck.
18:44 of 3rd period - David Pastrnak is hit by Tim Ramholt and loses puck.
19:11 of 3rd period - Shot by Justin Williams.
19:11 of 3rd period - Stopped by Mike Smith without a rebound.
19:12 of 3rd period - Michael Rupp wins face-off versus Nikolai Kulemin in Rangers zone.
19:49 of 3rd period - Shot by Shawn Collymore.
19:49 of 3rd period - Stopped by Pekka Rinne without a rebound.
19:50 of 3rd period - Codey Burki wins face-off versus Rich Peverley in Coyotes zone.
Goals for this period are 0 for Rangers vs 1 for Coyotes.
Shots for this period are 12 for Rangers vs 12 for Coyotes.